[Event "Irish Championship 2026"]
[Site "Talbot Hotel Stillorgan, Co.Dublin, IE"]
[Date "2026.08.03"]
[Round "3"]
[White "Fox, Anthony"]
[Black "Freeman, Gordon"]
[Result "1/2-1/2"]
[Board "74"]
[TimeControl "40/5400+30:1800+30"]
[WhiteFideId "2500736"]
[BlackFideId "2501309"]
[WhiteElo "1876"]
[BlackElo "2068"]
[BlackTitle "FM"]
[WhiteClock "0:33:43"]
[BlackClock "0:09:58"]
[Variant "Standard"]
[EndDate "2026.08.03"]
[EndTime "16:46:47"]

1. e4 c5 2. c4 Nc6 3. Nc3 g6 4. g3 Bg7 5. Bg2 e6 6. Nge2 Nge7 7. O-O O-O 8. d3 d6 9. a3 Nd4 10. Rb1 b6 11. b4 Bb7 12. Be3 Qd7 13. Qd2 Nxe2+ 14. Nxe2 Nc6 15. Bh6 f5 16. Bxg7 Qxg7 17. f4 Rae8 18. b5 Nd4 19. Nc3 h5 20. h4 Re7 21. Kh2 Rd8 22. Rbe1 Rdd7 23. a4 Nb3 24. Qc2 Nd4 25. Qd2 Nb3 26. Qc2 Nd4 1/2-1/2

[Event "Irish Championship 2026"]
[Site "Talbot Hotel Stillorgan, Co.Dublin, IE"]
[Date "2026.08.03"]
[Round "3"]
[White "Paibir, Atharva"]
[Black "Moull, Arthur"]
[Result "1-0"]
[Board "75"]
[TimeControl "40/5400+30:1800+30"]
[WhiteFideId "2512882"]
[BlackFideId "2517426"]
[WhiteElo "2067"]
[BlackElo "1876"]
[WhiteClock "0:27:39"]
[BlackClock "0:22:42"]
[Variant "Standard"]
[EndDate "2026.08.03"]
[EndTime "18:05:09"]

1. c4 c5 2. Nc3 Nc6 3. Nf3 g6 4. e3 Nf6 5. d4 cxd4 6. exd4 d6 7. d5 Nb8 8. Be2 Bg7 9. O-O O-O 10. Be3 Na6 11. Nb5 Ne4 12. Rb1 Bf5 13. Nfd4 Bd7 14. Qc2 Nf6 15. b4 Nc7 16. a4 Ng4 17. Bd2 Rc8 18. h3 Nxb5 19. Nxb5 Bf5 20. Qb3 Nf6 21. Rbc1 Ne4 22. Be3 a6 23. Na3 h5 24. a5 Qd7 25. Bf3 h4 26. Rfe1 Rfe8 27. Bxe4 Bxe4 28. Bg5 Qf5 29. Bxh4 Bh6 30. Rcd1 g5 31. Qe3 gxh4 32. Qxe4 Qh5 33. Rd4 Bg5 34. Qf5 Qg6 35. Qf3 Kf8 36. Rg4 Qf6 37. Qd3 Rc7 38. f4 Bh6 39. Qh7 Qd4+ 40. Kh1 Bg7 41. Qxh4 Qc3 42. Qg3 e6 43. Re3 Qa1+ 44. Kh2 Bd4 45. Nc2 Qd1 46. Nxd4 Qxd4 47. Rg8+ Ke7 48. Qg5+ Kd7 49. dxe6+ fxe6 50. Rxe8 Qxe3 51. Rd8+ Kc6 52. b5+ axb5 53. cxb5# 1-0

[Event "Irish Championship 2026"]
[Site "Talbot Hotel Stillorgan, Co.Dublin, IE"]
[Date "2026.08.03"]
[Round "3"]
[White "Mulukutla, Ayaansh"]
[Black "Conor O'reilly"]
[Result "1/2-1/2"]
[Board "77"]
[TimeControl "40/5400+30:1800+30"]
[WhiteFideId "33391998"]
[WhiteElo "1839"]
[BlackElo "2019"]
[WhiteClock "0:17:57"]
[BlackClock "0:13:51"]
[Variant "Standard"]
[EndDate "2026.08.03"]
[EndTime "18:26:44"]

1. Nf3 Nf6 2. g3 e6 3. d4 b5 4. Bg2 Bb7 5. O-O c5 6. c3 Qb6 7. Be3 Nc6 8. dxc5 Bxc5 9. Bxc5 Qxc5 10. Nbd2 O-O 11. Nb3 Qe7 12. Nbd4 Nxd4 13. Qxd4 Rfc8 14. Rfd1 Bxf3 15. Bxf3 d5 16. a4 Rc4 17. Qd3 Qc5 18. e4 dxe4 19. Qd8+ Rxd8 20. Rxd8+ Qf8 21. Rxf8+ Kxf8 22. Bd1 bxa4 23. Bxa4 Ke7 24. Kf1 h5 25. h4 Rc7 26. Bc2 Rb7 27. b3 Rc7 28. c4 Kd6 29. Ra5 g6 30. Ke2 Rb7 31. Kf1 e3 32. f3 Nd7 33. Ke2 Nc5 34. Ra3 e5 35. Kxe3 Ne6 36. Be4 Rb6 37. Bd5 Nd4 38. Rxa7 Rxb3+ 39. Kf2 Rb2+ 40. Kf1 Nf5 41. Rxf7 Ne3+ 42. Ke1 Nxd5 43. cxd5 Kxd5 44. Rd7+ Kc5 45. Kf1 Rb3 46. Ke2 e4 47. Rf7 exf3+ 48. Rxf3 Rb4 49. Rf6 Rg4 50. Kf3 Kd5 51. Rf4 Rxf4+ 52. Kxf4 Ke6 53. Kg5 Kf7 54. g4 hxg4 55. Kxg4 Kf6 56. h5 gxh5+ 57. Kxh5 Ke5 1/2-1/2

[Event "Irish Championship 2026"]
[Site "Talbot Hotel Stillorgan, Co.Dublin, IE"]
[Date "2026.08.03"]
[Round "3"]
[White "Biswal, Saiansh"]
[Black "Landmark, Gabriel"]
[Result "0-1"]
[Board "78"]
[TimeControl "40/5400+30:1800+30"]
[WhiteFideId "2518155"]
[BlackFideId "2524848"]
[WhiteElo "1824"]
[BlackElo "1999"]
[WhiteClock "0:02:06"]
[BlackClock "1:14:09"]
[Variant "Standard"]
[EndDate "2026.08.03"]
[EndTime "16:33:14"]

1. e4 e5 2. Nf3 Nc6 3. Bc4 Bc5 4. c3 Nf6 5. d4 exd4 6. b4 Bb6 7. e5 Ne4 8. Bd5 Nxc3 9. Nxc3 dxc3 10. O-O O-O 11. Bg5 Qe8 12. Re1 Nxb4 13. Bc4 d5 14. exd6 Be6 15. Qb3 Nc6 16. Bxe6 fxe6 17. Rxe6 Qf7 18. Rae1 Nd4 19. Nxd4 Qxf2+ 0-1

[Event "Irish Championship 2026"]
[Site "Talbot Hotel Stillorgan, Co.Dublin, IE"]
[Date "2026.08.03"]
[Round "3"]
[White "O'Connell, Gerard"]
[Black "Rai, Oleksii"]
[Result "1/2-1/2"]
[Board "79"]
[TimeControl "40/5400+30:1800+30"]
[WhiteFideId "2500493"]
[BlackFideId "2531526"]
[WhiteElo "1996"]
[BlackElo "1840"]
[WhiteClock "0:25:06"]
[BlackClock "0:45:36"]
[Variant "Standard"]
[EndDate "2026.08.03"]
[EndTime "17:58:31"]

1. d4 d5 2. c4 e6 3. Nc3 Nf6 4. Nf3 Be7 5. Bg5 h6 6. Bh4 O-O 7. e3 b6 8. Rc1 Bb7 9. cxd5 Nxd5 10. Nxd5 Bxd5 11. Bxe7 Qxe7 12. Qc2 Rc8 13. e4 Bb7 14. Bd3 c5 15. O-O Nd7 16. Qa4 a6 17. Qa3 Qf6 18. Bb1 Qf4 19. Qe3 Qxe3 20. fxe3 c4 21. Nd2 b5 22. e5 Nb6 23. Ne4 Bxe4 24. Bxe4 Ra7 25. a3 Rac7 26. Rf2 a5 27. Kf1 b4 28. axb4 axb4 29. Ke1 c3 30. b3 Ra7 31. Ke2 Ra3 32. Bc2 Nd5 33. Kd3 Ra7 34. Rcf1 Nb6 35. g3 g6 36. Rb1 Kg7 37. Rbf1 Rcc7 38. Rb1 Ra5 39. Rff1 Rca7 40. Rf2 Ra2 41. Rbf1 Kf8 42. Rb1 Ra1 43. Rff1 Rxb1 44. Rxb1 Ke7 45. Rf1 h5 46. Rg1 Ra2 47. Rb1 Nd5 48. Rc1 Ke8 49. e4 Nb6 50. Rf1 Ke7 51. Rc1 Ra5 52. Rf1 Ra7 53. Rd1 Ra8 54. Rf1 Ra7 55. Rd1 Kf8 56. Rf1 Kg7 57. Ke3 Kh6 58. h4 Kg7 59. Rd1 Ra2 60. Kd3 Ra5 1/2-1/2

[Event "Irish Championship 2026"]
[Site "Talbot Hotel Stillorgan, Co.Dublin, IE"]
[Date "2026.08.03"]
[Round "3"]
[White "Braine, Harry"]
[Black "Dash, Shaurya"]
[Result "0-1"]
[Board "80"]
[TimeControl "40/5400+30:1800+30"]
[WhiteFideId "2518570"]
[BlackFideId "2534789"]
[WhiteElo "1948"]
[BlackElo "1751"]
[WhiteClock "0:00:56"]
[BlackClock "0:01:40"]
[Variant "Standard"]
[EndDate "2026.08.03"]
[EndTime "17:35:07"]

1. e4 c5 2. Nf3 d6 3. d4 cxd4 4. Nxd4 Nf6 5. Nc3 a6 6. Bg5 e6 7. Qe2 Be7 8. h4 b5 9. a3 Bb7 10. O-O-O Nbd7 11. f4 Rc8 12. Rh3 h5 13. Kb1 Ng4 14. Bxe7 Qxe7 15. Nb3 Ndf6 16. Rhd3 Rxc3 17. Rxc3 Nxe4 18. Rcd3 Nef2 19. Rxd6 Nxd1 20. Rxd1 Qxh4 21. Nc5 Bc8 22. Qf3 O-O 23. g3 Qe7 24. b4 Rd8 25. Bd3 g6 26. Re1 Qf6 27. Ne4 Qd4 28. Ng5 Qc3 29. Re4 Bb7 30. Nxe6 Bxe4 31. Qxe4 Re8 32. Qd4 Qe1+ 33. Kb2 Qxe6 34. Qa7 Nf6 0-1

[Event "Irish Championship 2026"]
[Site "Talbot Hotel Stillorgan, Co.Dublin, IE"]
[Date "2026.08.03"]
[Round "3"]
[White "Greenan, Darragh"]
[Black "Thomas Boby, Aiden"]
[Result "1/2-1/2"]
[Board "82"]
[TimeControl "40/5400+30:1800+30"]
[WhiteFideId "2525607"]
[BlackFideId "2535688"]
[WhiteElo "1786"]
[BlackElo "1978"]
[WhiteClock "0:24:31"]
[BlackClock "0:36:34"]
[Variant "Standard"]
[EndDate "2026.08.03"]
[EndTime "16:26:55"]

1. d4 Nf6 2. c4 e6 3. Nf3 Bb4+ 4. Bd2 Qe7 5. a3 Bxd2+ 6. Nbxd2 d6 7. e4 e5 8. d5 a5 9. b4 O-O 10. Bd3 Bd7 11. O-O c6 12. Qb1 Bg4 13. bxa5 Na6 14. Qb6 Nc5 15. Bc2 Bxf3 16. Nxf3 Ra6 17. Qb1 cxd5 18. cxd5 Rxa5 19. Nd2 Nfd7 20. Nc4 Raa8 21. a4 h6 22. a5 Rfc8 23. Ba4 Rab8 24. Bxd7 Nxd7 1/2-1/2

[Event "Irish Championship 2026"]
[Site "Talbot Hotel Stillorgan, Co.Dublin, IE"]
[Date "2026.08.03"]
[Round "3"]
[White "Liu, Murray"]
[Black "Lorigan, Maxim"]
[Result "1/2-1/2"]
[Board "83"]
[TimeControl "40/5400+30:1800+30"]
[WhiteFideId "2517191"]
[BlackFideId "2518198"]
[WhiteElo "1885"]
[BlackElo "1762"]
[WhiteClock "0:18:39"]
[BlackClock "0:29:20"]
[Variant "Standard"]
[EndDate "2026.08.03"]
[EndTime "16:50:45"]

1. e4 Nf6 2. e5 Nd5 3. d4 d6 4. c4 Nb6 5. exd6 exd6 6. Nc3 Nc6 7. h3 Bf5 8. a3 Be7 9. Nf3 O-O 10. Be2 Re8 11. O-O Bf6 12. Bf4 h6 13. Qd2 Na5 14. Qd1 Naxc4 15. Bxc4 Nxc4 16. Qb3 Nb6 17. Rac1 c6 18. a4 Be6 19. Qc2 Nd5 20. Bg3 Nxc3 21. bxc3 Bc4 22. Rfe1 Qd7 23. Nd2 Rxe1+ 24. Rxe1 Be6 25. Ne4 Be7 26. c4 d5 27. cxd5 Qxd5 28. Nc5 Bxc5 29. dxc5 Rd8 30. Bd6 Qb3 31. Qe4 Qc4 1/2-1/2

[Event "Irish Championship 2026"]
[Site "Talbot Hotel Stillorgan, Co.Dublin, IE"]
[Date "2026.08.03"]
[Round "3"]
[White "Campbell, Andrew"]
[Black "Andhurthi, Sreeyan"]
[Result "1/2-1/2"]
[Board "84"]
[TimeControl "40/5400+30:1800+30"]
[WhiteFideId "2518392"]
[BlackFideId "2523531"]
[WhiteElo "1951"]
[BlackElo "1950"]
[WhiteClock "0:29:09"]
[BlackClock "0:38:29"]
[Variant "Standard"]
[EndDate "2026.08.03"]
[EndTime "17:47:40"]

1. d4 Nf6 2. Nc3 d5 3. Bf4 a6 4. a3 Bf5 5. e3 e6 6. Nf3 Nbd7 7. Bd3 Bg6 8. b4 Be7 9. O-O O-O 10. Qe2 Re8 11. Na4 Bxd3 12. cxd3 Nh5 13. Bg3 Nxg3 14. hxg3 Bd6 15. Nc5 b6 16. Nb7 Qe7 17. Rfc1 Rab8 18. Nxd6 Qxd6 19. Qc2 Rbc8 20. Qc6 Qxc6 21. Rxc6 Nb8 22. Rc3 Kf8 23. Rac1 Re7 24. a4 f6 25. a5 b5 26. Nd2 c6 27. e4 Rec7 28. Nb3 Nd7 29. R3c2 Kf7 30. Re1 Re8 31. Rce2 Rcc8 32. f4 h6 33. Rc1 Rc7 34. Kf2 f5 35. exf5 exf5 36. Rxe8 Kxe8 37. Nd2 Kf7 38. Nf3 Rc8 39. Ne5+ Nxe5 40. dxe5 d4 41. Kf3 h5 42. Kf2 g6 43. Kg1 Ke7 44. Rc5 Kd7 45. Kh2 Re8 46. Kh3 Re6 47. Kh4 Ke7 48. Kg5 Kf7 49. Rc1 Kg7 50. Rc5 Kh7 51. Rc1 Kg7 52. Rh1 Re8 53. Rc1 1/2-1/2

[Event "Irish Championship 2026"]
[Site "Talbot Hotel Stillorgan, Co.Dublin, IE"]
[Date "2026.08.03"]
[Round "3"]
[White "Doolin, Nemhain"]
[Black "Singhal, Vivaan"]
[Result "0-1"]
[Board "86"]
[TimeControl "40/5400+30:1800+30"]
[WhiteFideId "2517230"]
[BlackFideId "2516721"]
[WhiteElo "1915"]
[BlackElo "1878"]
[WhiteClock "0:04:43"]
[BlackClock "0:06:56"]
[Variant "Standard"]
[EndDate "2026.08.03"]
[EndTime "17:24:39"]

1. e4 c6 2. d4 d5 3. e5 c5 4. dxc5 e6 5. a3 Bxc5 6. b4 Be7 7. Qg4 g6 8. Nf3 a5 9. b5 Nd7 10. Bd3 h5 11. Qf4 Nh6 12. O-O Nf5 13. a4 b6 14. Nc3 Bb7 15. Ne2 Nc5 16. Rd1 Qc7 17. Bb2 O-O-O 18. Ned4 g5 19. Nxg5 Bxg5 20. Qxg5 Rdg8 21. Qd2 Nh4 22. g3 Qxe5 23. Qe2 Qg5 24. Nf3 Nxf3+ 25. Qxf3 d4 26. Qe2 Qd5 27. f3 h4 28. Kg2 hxg3 29. h3 Rxh3 30. Rh1 Rh2+ 31. Kg1 Rxe2 32. Bxe2 Qe5 0-1

[Event "Irish Championship 2026"]
[Site "Talbot Hotel Stillorgan, Co.Dublin, IE"]
[Date "2026.08.03"]
[Round "3"]
[White "Fitzgerald, Martin"]
[Black "OBrien, James Joseph"]
[Result "0-1"]
[Board "87"]
[TimeControl "40/5400+30:1800+30"]
[WhiteFideId "2511177"]
[BlackFideId "2518813"]
[WhiteElo "1891"]
[BlackElo "1914"]
[WhiteClock "0:00:35"]
[BlackClock "0:32:53"]
[Variant "Standard"]
[EndDate "2026.08.03"]
[EndTime "16:52:54"]

1. e4 e6 2. d4 d5 3. Nd2 Nc6 4. Ngf3 Nf6 5. e5 Nd7 6. c3 f6 7. exf6 Qxf6 8. Be2 Bd6 9. Nf1 O-O 10. Ng3 h6 11. Be3 Qf7 12. Qd2 e5 13. O-O-O Nb6 14. dxe5 Nxe5 15. Nxe5 Bxe5 16. Bh5 Qf6 17. Rhe1 c6 18. f4 Bd6 19. Ne2 Nc4 20. Bd4 Qh4 21. Qd3 Qxh5 22. b3 Ba3+ 23. Kb1 Bf5 0-1

[Event "Irish Championship 2026"]
[Site "Talbot Hotel Stillorgan, Co.Dublin, IE"]
[Date "2026.08.04"]
[Round "4"]
[White "Jacob Flynn"]
[Black "Tureshbayev, Anuar"]
[Result "1/2-1/2"]
[Board "61"]
[TimeControl "40/5400+30:1800+30"]
[BlackFideId "651081709"]
[WhiteElo "2289"]
[BlackElo "2250"]
[BlackTitle "FM"]
[WhiteClock "0:21:43"]
[BlackClock "0:19:01"]
[Variant "Standard"]
[EndDate "2026.08.04"]
[EndTime "18:06:52"]

1. e4 c6 2. d4 d5 3. exd5 cxd5 4. Nf3 Nc6 5. c3 e6 6. Bd3 Bd6 7. O-O Nge7 8. Re1 O-O 9. b4 f6 10. Qc2 h6 11. b5 Na5 12. Nbd2 Bd7 13. a4 Rc8 14. Ba3 Bxa3 15. Rxa3 Qc7 16. g3 Qd6 17. Qb2 Rc7 18. Qb4 Nc4 19. Nxc4 Qxb4 20. cxb4 dxc4 21. Rc3 Rfc8 22. Rec1 Nd5 23. Rxc4 Rxc4 24. Rxc4 Rxc4 25. Bxc4 Nxb4 26. Kf1 Kf7 27. Ke2 Ke7 28. Nd2 b6 29. f4 Be8 30. Nf1 Kd6 31. Ne3 Bg6 32. Kd2 Be4 33. Bb3 Nd5 34. Nc4+ Kd7 35. Bd1 Ne7 36. Kc3 Bd5 37. Ne3 Kd6 38. Kd3 e5 39. fxe5+ fxe5 40. Kc3 Be6 41. Kd3 Ba2 42. Ke4 Bb1+ 43. Bc2 exd4 44. Kxd4 Bxc2 45. Nxc2 Nd5 46. Ke4 1/2-1/2

[Event "Irish Championship 2026"]
[Site "Talbot Hotel Stillorgan, Co.Dublin, IE"]
[Date "2026.08.04"]
[Round "4"]
[White "Joe Ryan"]
[Black "Venkatesan, Kavin"]
[Result "0-1"]
[Board "62"]
[TimeControl "40/5400+30:1800+30"]
[BlackFideId "2512602"]
[WhiteElo "2159"]
[BlackElo "2297"]
[BlackTitle "FM"]
[WhiteClock "0:17:46"]
[BlackClock "0:18:54"]
[Variant "Standard"]
[EndDate "2026.08.04"]
[EndTime "18:14:16"]

1. Nf3 d5 2. g3 Bg4 3. Bg2 Nd7 4. c4 e6 5. cxd5 exd5 6. h3 Bxf3 7. Bxf3 Ngf6 8. d3 c6 9. Nc3 Bc5 10. O-O O-O 11. Qb3 Qc7 12. Bf4 Ne5 13. Kg2 Bd6 14. Bxe5 Bxe5 15. Rac1 Qe7 16. Rfd1 Rfe8 17. d4 Bd6 18. Qc2 Rad8 19. e3 Bb8 20. Rb1 Rd6 21. b4 b5 22. a4 a6 23. axb5 axb5 24. Ne2 Nd7 25. Nc3 f5 26. Be2 Rf8 27. Bd3 Qg5 28. Ne2 Rh6 29. Ra1 Qe7 30. Ra6 Rff6 31. Qb3 g5 32. Nc3 f4 33. Nxd5 f3+ 34. Kg1 cxd5 35. Qxd5+ Kh8 36. Rxf6 Rxf6 37. Qxg5 h6 38. Qg4 Nf8 39. Qh4 Kg7 40. Rc1 Qxb4 41. Qg4+ Kh8 42. Rc5 Qe1+ 43. Bf1 Bxg3 44. fxg3 Rg6 45. Qxf3 Rxg3+ 46. Qxg3 Qxg3+ 47. Kh1 b4 48. Rf5 Kg7 49. Bc4 Qxh3+ 0-1

[Event "Irish Championship 2026"]
[Site "Talbot Hotel Stillorgan, Co.Dublin, IE"]
[Date "2026.08.04"]
[Round "4"]
[White "Oisin O'Cuilleanain"]
[Black "Woods, Yannick"]
[Result "1-0"]
[Board "63"]
[TimeControl "40/5400+30:1800+30"]
[BlackFideId "2518384"]
[WhiteElo "2128"]
[BlackElo "2118"]
[WhiteClock "0:33:09"]
[BlackClock "0:00:35"]
[Variant "Standard"]
[EndDate "2026.08.04"]
[EndTime "17:01:17"]

1. e4 c5 2. Nf3 d6 3. d4 cxd4 4. Nxd4 Nf6 5. Nc3 a6 6. Qd3 Nc6 7. Bg5 e6 8. Nxc6 bxc6 9. O-O-O Be7 10. Qg3 e5 11. Be2 O-O 12. f4 Ne8 13. Bxe7 Qxe7 14. f5 Nf6 15. Qh4 d5 16. g4 d4 17. Nb1 h6 18. Rhg1 Re8 19. g5 Nh7 20. Qh5 Nxg5 21. Rg4 Qf6 22. Bc4 Nxe4 23. Rxe4 Qxf5 24. Qe2 c5 25. Rf1 Qg5+ 26. Nd2 Ra7 27. h4 Qg3 28. Qf3 Qxf3 29. Nxf3 Rae7 30. Rfe1 Be6 31. Rxe5 1-0

[Event "Irish Championship 2026"]
[Site "Talbot Hotel Stillorgan, Co.Dublin, IE"]
[Date "2026.08.04"]
[Round "4"]
[White "Murray, Benjamin"]
[Black "Jessel, Stephen"]
[Result "0-1"]
[Board "65"]
[TimeControl "40/5400+30:1800+30"]
[WhiteFideId "2512963"]
[BlackFideId "628859"]
[WhiteElo "2080"]
[BlackElo "2364"]
[BlackTitle "FM"]
[WhiteClock "0:01:16"]
[BlackClock "0:00:57"]
[Variant "Standard"]
[EndDate "2026.08.04"]
[EndTime "19:29:39"]

1. e4 e6 2. d4 d5 3. e5 c5 4. c3 Nc6 5. Nf3 Qb6 6. a3 a5 7. Bd3 Nh6 8. O-O cxd4 9. cxd4 Nf5 10. Bxf5 exf5 11. Nc3 Be6 12. Na4 Qb5 13. h3 h6 14. Ne1 Be7 15. Be3 O-O 16. Nd3 Rfe8 17. Rc1 Bf8 18. Kh1 Rac8 19. Nac5 Qb6 20. Rc3 Qa7 21. Qc2 Ne7 22. Nf4 Rc6 23. Rc1 Bc8 24. Na4 Rxc3 25. Nxc3 Be6 26. Nb5 Qb6 27. Nd6 Ra8 28. Nh5 Nc8 29. Nxf5 Bxf5 30. Qxf5 Ne7 31. Qg4 Kh7 32. Qe2 Qa6 33. Qd2 Rd8 34. Rc7 Qb6 35. Rc3 Kg8 36. Qc2 Qa6 37. Kg1 a4 38. Bd2 Qg6 39. Nf4 Qxc2 40. Rxc2 Nc6 41. Be3 Be7 42. Kf1 g5 43. Nh5 Ra8 44. g4 Ra5 45. Ng3 Kh7 46. Nf5 Bf8 47. f4 Kg6 48. fxg5 hxg5 49. Bd2 Rb5 50. Bc3 Nd8 51. Rf2 Ne6 52. Ng3 Be7 53. Nh5 Rb6 54. Ke2 Rc6 55. Kd3 Rc4 56. Rf5 b5 57. Ke3 Bd8 58. Nf6 Bxf6 59. exf6 Nf4 60. h4 Ng2+ 61. Kf2 Nxh4 62. Rxd5 Rc6 63. Rxb5 Rxf6+ 64. Ke2 Ng2 65. d5 Rd6 66. Kf3 Nf4 67. Ke4 f6 68. Bb4 Rd7 69. d6 Kf7 70. Ra5 Ng6 71. Kd5 Ne5 72. Rxa4 Nxg4 73. Bc3 f5 74. Ra8 f4 75. Rh8 f3 76. Kc6 f2 77. Rh1 Ke6 78. Bb4 Ne5+ 79. Kb5 g4 80. Bc5 g3 81. Rd1 Nf3 82. Bxf2 gxf2 83. Rf1 Rf7 84. Kc6 Ne5+ 85. Kc5 Ng4 86. Kc6 Rd7 87. Rd1 Ne5+ 88. Kb5 Rxd6 89. Rf1 Rd2 0-1

[Event "Irish Championship 2026"]
[Site "Talbot Hotel Stillorgan, Co.Dublin, IE"]
[Date "2026.08.04"]
[Round "4"]
[White "Collins, Adam"]
[Black "Paibir, Atharva"]
[Result "1-0"]
[Board "66"]
[TimeControl "40/5400+30:1800+30"]
[WhiteFideId "2512300"]
[BlackFideId "2512882"]
[WhiteElo "2340"]
[BlackElo "2067"]
[WhiteTitle "FM"]
[WhiteClock "0:30:29"]
[BlackClock "0:01:21"]
[Variant "Standard"]
[EndDate "2026.08.04"]
[EndTime "17:08:07"]

1. e4 c5 2. Nf3 Nc6 3. Bb5 g6 4. Bxc6 dxc6 5. d3 Bg7 6. a4 a5 7. Nbd2 Nf6 8. O-O O-O 9. Qe1 Ne8 10. e5 Nc7 11. Nc4 Ne6 12. Bd2 b6 13. Qe4 Qc7 14. Rfe1 Rd8 15. Bc3 Bb7 16. Qe3 Ba6 17. b3 Rd5 18. Qe4 Bb7 19. h4 Nd4 20. Rac1 b5 21. Ne3 Rdd8 22. h5 Nxf3+ 23. Qxf3 Bxe5 24. Bxe5 Qxe5 25. axb5 Qf6 26. Qxf6 exf6 27. b6 Bc8 28. Ra1 Be6 29. Ra4 Rdb8 30. Rea1 Rxb6 31. Rxa5 Rxa5 32. Rxa5 Rb5 33. Ra6 Bd7 34. h6 Kf8 35. Ra8+ Be8 36. Nc4 Ke7 37. f3 Rb7 38. Rxe8+ 1-0

[Event "Irish Championship 2026"]
[Site "Talbot Hotel Stillorgan, Co.Dublin, IE"]
[Date "2026.08.04"]
[Round "4"]
[White "Brozynski, Patryk"]
[Black "Andrey A. Ivanov"]
[Result "1/2-1/2"]
[Board "67"]
[TimeControl "40/5400+30:1800+30"]
[WhiteFideId "2512700"]
[WhiteElo "2224"]
[BlackElo "2085"]
[WhiteTitle "CM"]
[WhiteClock "0:23:49"]
[BlackClock "0:25:42"]
[Variant "Standard"]
[EndDate "2026.08.04"]
[EndTime "17:57:28"]

1. e4 e6 2. d4 d5 3. Nd2 c5 4. Ngf3 Nf6 5. exd5 Qxd5 6. Bc4 Qd6 7. dxc5 Qxc5 8. Qe2 Be7 9. O-O O-O 10. Nb3 Qc7 11. Nbd4 a6 12. Bg5 Nc6 13. Nxc6 Qxc6 14. Bd3 Bd7 15. Ne5 Qc7 16. Nxd7 Qxd7 17. Rad1 Qc6 18. c3 Rad8 19. Rfe1 h6 20. Bc1 Rd5 21. Bc2 Rfd8 22. Rxd5 Qxd5 23. b3 Qa5 24. Bb2 Kf8 25. a4 Qg5 26. Rd1 Rxd1+ 27. Qxd1 Qe5 28. Ba1 Qf4 29. g3 Qg4 30. Qxg4 Nxg4 31. Be4 b6 32. Bf3 Ne5 33. Be2 a5 34. Kf1 Nd7 35. Bd1 Bf6 36. Ke2 Nc5 37. Bc2 Ke7 38. Kd2 h5 39. Bb2 h4 40. f3 hxg3 41. hxg3 Be5 42. f4 Bd6 43. b4 Nd7 44. bxa5 1/2-1/2

[Event "Irish Championship 2026"]
[Site "Talbot Hotel Stillorgan, Co.Dublin, IE"]
[Date "2026.08.04"]
[Round "4"]
[White "Arun, Nitish"]
[Black "Stokes, Stephen"]
[Result "1-0"]
[Board "68"]
[TimeControl "40/5400+30:1800+30"]
[WhiteFideId "2524201"]
[BlackFideId "2503530"]
[WhiteElo "2175"]
[BlackElo "1885"]
[WhiteTitle "CM"]
[WhiteClock "0:06:36"]
[BlackClock "0:29:04"]
[Variant "Standard"]
[EndDate "2026.08.04"]
[EndTime "17:22:50"]

1. d4 d5 2. c4 e6 3. Nc3 Nf6 4. Nf3 Be7 5. Bg5 h6 6. Bxf6 Bxf6 7. e3 O-O 8. Rc1 c6 9. Bd3 Nd7 10. O-O dxc4 11. Bxc4 e5 12. Ne4 exd4 13. Nxf6+ Nxf6 14. Qxd4 Bg4 15. Qxd8 Raxd8 16. Ne5 Rd2 17. f3 Be6 18. Bxe6 fxe6 19. Nc4 Rd7 20. Rfd1 Rfd8 21. Rxd7 Rxd7 22. e4 Kf8 23. Rc2 Ke7 24. Kf2 Ne8 25. Ke2 Nd6 26. Ne5 Rd8 27. Ke3 Nf7 28. Nd3 b6 29. Nb4 Kd7 30. Nxc6 Rc8 31. Nb4 Rxc2 32. Nxc2 e5 33. b3 Kd6 34. Kd3 Kc5 35. a4 b5 36. b4+ Kc6 37. a5 Nd8 38. Ne3 Ne6 39. Nd5 Kd6 40. Ke3 Nd8 41. g3 Nc6 42. f4 exf4+ 43. Kxf4 Nd4 44. h4 Ke6 45. Nc7+ Kf6 46. e5+ Ke7 47. Ke4 Nc6 48. Nxb5 a6 49. Nc7 Nxb4 50. Nd5+ Nxd5 51. Kxd5 Kd7 52. e6+ Ke7 53. h5 Ke8 54. Kd6 Kd8 55. e7+ Ke8 56. Ke6 1-0

[Event "Irish Championship 2026"]
[Site "Talbot Hotel Stillorgan, Co.Dublin, IE"]
[Date "2026.08.04"]
[Round "4"]
[White "Landmark, Gabriel"]
[Black "Melaugh, Shane"]
[Result "1/2-1/2"]
[Board "69"]
[TimeControl "40/5400+30:1800+30"]
[WhiteFideId "2524848"]
[BlackFideId "2509580"]
[WhiteElo "1999"]
[BlackElo "2157"]
[BlackTitle "FM"]
[WhiteClock "0:24:48"]
[BlackClock "1:31:02"]
[Variant "Standard"]
[EndDate "2026.08.04"]
[EndTime "17:35:48"]

1. e4 c5 2. Nf3 e6 3. d4 cxd4 4. Nxd4 Nf6 5. Nc3 Nc6 6. Nxc6 bxc6 7. e5 Nd5 8. Ne4 Qc7 9. f4 Qb6 10. c4 Bb4+ 11. Ke2 f5 12. exf6 Nxf6 13. Be3 Qd8 14. Nd6+ Bxd6 15. Qxd6 Bb7 16. Rg1 Rc8 17. g4 c5 18. g5 Ne4 19. Qe5 Qe7 20. Bh3 O-O 21. f5 Rce8 22. f6 Qf7 23. Raf1 Qg6 24. Bg4 Kh8 25. Bf3 gxf6 26. gxf6 Qf5 27. Bf4 d6 28. Qxf5 exf5 29. Bh6 Ng5+ 30. Kd3 Nxf3 31. Bxf8 Rxf8 32. Rg7 Be4+ 33. Ke3 Rxf6 34. Rxa7 Nxh2 35. Rg1 Ng4+ 36. Kf4 Rg6 37. Rd7 h5 38. Rg3 Kg8 39. Rb3 Rg7 40. Rxg7+ Kxg7 41. Kg5 Ne5 42. Rc3 Kf7 43. a4 Ke6 44. a5 Kd7 45. a6 Kc7 46. a7 Nd7 47. Ra3 Nb6 48. Kxh5 Kb7 49. Kg5 Na8 50. Kf4 Nc7 51. Ra1 Ka8 52. Kg5 Kb7 53. Ra3 Kb6 54. Ra1 Na6 55. a8=Q Bxa8 56. Kxf5 Nc7 57. Kf4 Bb7 58. Ke3 Ne6 59. Kd3 Nf4+ 60. Kc3 Ne2+ 61. Kd2 Nd4 62. Kc3 Nc6 63. Rd1 Kc7 64. Rg1 Bc8 65. Rg7+ Bd7 66. Rh7 Ne5 67. Rh1 Be6 68. b3 Kc6 69. Ra1 Bg4 70. Ra6+ Kd7 71. Ra7+ Ke6 72. Rg7 Kf5 73. Rg8 Nc6 74. Rf8+ Ke5 75. Re8+ Be6 76. Rh8 Nd4 77. Rh5+ Bf5 78. Rh2 Bc2 79. Rxc2 Nxc2 80. Kxc2 Kd4 81. Kd2 d5 82. cxd5 Kxd5 83. Kc3 Kd6 84. Kc4 Kc6 85. b4 cxb4 86. Kxb4 1/2-1/2

[Event "Irish Championship 2026"]
[Site "Talbot Hotel Stillorgan, Co.Dublin, IE"]
[Date "2026.08.04"]
[Round "4"]
[White "Dash, Shaurya"]
[Black "Melaugh, Gavin"]
[Result "0-1"]
[Board "70"]
[TimeControl "40/5400+30:1800+30"]
[WhiteFideId "2534789"]
[BlackFideId "2509571"]
[WhiteElo "1751"]
[BlackElo "2093"]
[WhiteClock "0:01:13"]
[BlackClock "0:27:42"]
[Variant "Standard"]
[EndDate "2026.08.04"]
[EndTime "17:19:37"]

1. d4 Nf6 2. c4 g6 3. Nc3 Bg7 4. e4 d6 5. Be2 O-O 6. Be3 Na6 7. g4 c5 8. f3 Qb6 9. Rb1 Nb4 10. a3 cxd4 11. Na4 Qc7 12. Bxd4 Nc6 13. Bc3 a6 14. h4 Rb8 15. b4 b5 16. Nb2 d5 17. cxd5 Qg3+ 18. Kf1 Nd8 19. Rh3 Qc7 20. Rc1 Qa7 21. Bd4 Qa8 22. Rh2 e6 23. g5 Nh5 24. Bxg7 Kxg7 25. Qd4+ Kg8 26. Nd3 exd5 27. exd5 Bb7 28. Nc5 Bxd5 29. Nd7 Ne6 30. Qe5 Rbe8 31. Nxf8 Nxf8 32. Qb2 Ne6 33. Rc3 Nef4 34. Kf2 Rxe2+ 35. Nxe2 Qa7+ 36. Kf1 Bc4 37. Rxc4 bxc4 38. Nxf4 Nxf4 39. Qc1 Qd4 40. Qd2 Nd3 41. Qe2 Qa1+ 42. Kg2 Nf4+ 0-1